 Dungeon Crawl Stone Soup version 0.30-a0-626-gd6a5dd7a1f (webtiles) character file.

Game seed: 12254906046696966004

1539 porpoise the Cleaver (level 9, -3/57 (72) HPs)
             Began as a Formicid Fighter on Jan 12, 2023.
             Slain by a wight
             ... wielding a +1 trident of freezing
              (5 damage)
             ... on level 6 of the Dungeon.
             The game lasted 00:16:27 (5246 turns).

porpoise the Cleaver (Formicid Fighter)             Turns: 5246, Time: 00:16:28

HP:   -3/57 (72)    AC: 10    Str: 22    XL:     9   Next: 11%
MP:   9/9           EV:  8    Int:  9    God:
Gold: 264           SH:  6    Dex: 15    Spells: 8/8 levels left

rFire   . . .      SeeInvis +    a - +0 war axe
rCold   . . .      Faith    .    c - +1 buckler
rNeg    . . .      Spirit   .    d - +0 chain mail
rPois   .          Reflect  .    (helmet unavailable)
rElec   .          Harm     .    l - +0 cloak
rCorr   .          Rampage  .    (no gloves)
Will    .....                    (no boots) Stlth
                                 k - amulet of the acrobat
HPRegen 0.29/turn                (no ring)
MPRegen 0.11/turn                (no ring)

@: heavily drained
A: permanent stasis, dig shafts and tunnels, antennae 3, four strong arms
a: Dig, Shaft Self


You were on level 6 of the Dungeon.
You visited 2 branches of the dungeon, and saw 7 of its levels.

You collected 264 gold pieces.

Inventory:

Hand Weapons
 a - a +0 war axe (weapon)
 s - a +1 dagger of venom
Missiles
 g - 24 poisoned darts
 p - 13 boomerangs
 w - 2 throwing nets
Armour
 c - a +1 buckler (worn)
 d - a +0 chain mail (worn)
 l - a +0 cloak (worn)
Jewellery
 k - an amulet of the acrobat (around neck)
 t - a ring of fire
Wands
 v - a wand of iceblast (2)
Scrolls
 e - 2 scrolls of fear
 i - 2 scrolls of amnesia
 j - a scroll of noise
 o - 2 scrolls of immolation
 q - 3 scrolls of enchant armour
 r - a scroll of magic mapping
 u - 4 scrolls of identify
Potions
 b - a potion of lignification
 f - 3 potions of brilliance
 h - 2 potions of heal wounds
 m - a potion of magic
 n - 4 potions of curing


   Skills:
 - Level 7.0 Fighting
 + Level 8.7 Axes
 + Level 4.2 Armour
 + Level 1.9 Dodging
 - Level 4.0 Shields


You had 8 spell levels left.
You didn't know any spells.
Your spell library contained the following spells:

 Spells                   Type           Power      Damage    Failure   Level
 Kiss of Death            Conj/Necr      0%         2d5       99%         1
 Sublimation of Blood     Necr           0%         N/A       99%         2
 Wereblood                Tmut           0%         N/A       99%         2
 Confusing Touch          Hex            0%         N/A       100%        3
 Summon Guardian Golem    Hex/Summ       0%         N/A       100%        3
 Vhi's Electric Charge    Tloc/Air       0%         N/A       100%        3
 Dispel Undead            Necr           0%         3d6       100%        4
 Summon Lightning Spire   Summ/Air       0%         N/A       100%        4
 Arcjolt                  Conj/Air       0%         1d10      100%        5
 Orb of Destruction       Conj           0%         9d5       100%        7
 Spellforged Servitor     Conj/Summ      0%         N/A       100%        7
 Storm Form               Tmut/Air       0%         N/A       100%        7
 Summon Hydra             Summ           0%         N/A       100%        7
 Maxwell's Capacitive Co  Air            0%         ∞         100%        8


Dungeon Overview and Level Annotations

Branches:
Dungeon (6/15)             Temple (1/1) D:4

Altars:
Ashenzari
Cheibriados
Dithmenos
Elyvilon
Fedhas
Gozag
Hepliaklqana
Kikubaaqudgha
Makhleb
Nemelex Xobeh
Okawaru
Sif Muna
Trog
Uskayaw
Vehumet
Wu Jian
Yredelemnul
Zin

Shops:
D:4 (

Annotations:
D:5 exclusion: upstairs


Innate Abilities, Weirdness & Mutations

You cannot be hasted, slowed, berserked, paralysed or teleported.
You can dig through walls and to a lower floor.
You have a pair of large antennae on your head. (SInv)
Your four strong arms can wield two-handed weapons with a shield.


Message History

The wight hits you from afar with a +1 trident of freezing.
You feel drained. The wight freezes you. The wight closely misses you.
The wight misses you. The wight completely misses you.
The wight hits you from afar with a +1 trident of freezing.
You feel drained. The wight freezes you.
Things that are here:
a +0 hand axe; a +0 robe You slash the wight!
You destroy the wight!
You hit the wight but do no damage.
The wight hits you from afar with a +1 trident of freezing.
The wight freezes you. The wight hits you but does no damage.
You feel drained.
The wight hits you with a +1 trident of freezing.
The wight freezes you. The wight barely misses you.
Things that are here:
a +3 spear; a +0 robe You closely miss the wight.
You barely miss the wight.
The wight hits you with a +1 trident of freezing.
You feel drained. The wight freezes you. You block the wight's attack.
You hit the wight.
The wight is lightly damaged.
You hit the wight.
The wight hits you with a +1 trident of freezing.
The wight freezes you. The wight closely misses you.
You closely miss the wight.
The wight is lightly damaged.
You hit the wight. You block the wight's attack.
The wight hits you with a +1 morningstar of draining.
* * * LOW HITPOINT WARNING * * *
You feel drained.
* * * LOW HITPOINT WARNING * * *
You feel drained.
You barely miss the wight.
The wight is lightly damaged.
You slash the wight!
The wight hits you with a +1 trident of freezing!
* * * LOW HITPOINT WARNING * * *
You feel drained.
You die...

##)). ... ######..#. .
... ........... .. ..
............ ... ..
...P....P... ..##.
............# . '..
#.......P...#
....##.#####...........#
......z@)....####..P...#
.......#z.......#......#
.....#.'......_.#......#
#### #)#........#......#
...#.......).......#
.....#.........#######
##...#......####
#.###......# .. ########


You could see 2 wights.

Vanquished Creatures
  An ice beast (D:6)
  A centaur (D:6)
  3 ogres (D:6)
  A necrophage (D:4)
  A scorpion (D:4)
  3 wights (D:6)
  A howler monkey (D:6)
  6 hounds
  A gnoll bouda (D:6)
  4 orc priests
  3 iguanas
  5 orc wizards
  6 gnolls
  9 adders
  3 ufetubi
  A worm (D:2)
  2 dart slugs
  16 orcs
  12 ball pythons
  5 endoplasms
  6 giant cockroaches
  6 goblins
  7 hobgoblins
  7 quokkas
  13 bats
  3 frilled lizards
  9 kobolds
  3 rats
138 creatures vanquished.

Vanquished Creatures (others)
  An orc wizard (D:3)
  20 fungi (D:6)
  2 plants (D:1)
23 creatures vanquished.

Grand Total: 161 creatures vanquished

Notes
Turn   | Place    | Note
-------+----------+-------------------------------------------
     0 | D:1      | porpoise the Formicid Fighter began the quest for the Orb.
     0 | D:1      | Reached XP level 1. HP: 18/18 MP: 1/1
   164 | D:1      | Reached XP level 2. HP: 24/24 MP: 2/2
   275 | D:1      | Reached XP level 3. HP: 25/30 MP: 3/3
   279 | D:1      | Reached skill level 3 in Axes
   983 | D:2      | Reached XP level 4. HP: 12/37 MP: 4/4
  1635 | D:2      | Reached skill level 4 in Axes
  1671 | D:2      | Reached XP level 5. HP: 42/42 MP: 5/5
  2048 | D:3      | Reached XP level 6. HP: 30/49 MP: 6/6
  2180 | D:3      | Reached skill level 5 in Axes
  2748 | D:4      | Found a staircase to the Ecumenical Temple.
  2774 | D:4      | Reached skill level 5 in Fighting
  2780 | D:4      | Found Idwukegu's Antique Weapon Shoppe.
  2839 | D:4      | You fall into a shaft and drop 1 floor!
  2839 | D:5      | Entered Level 5 of the Dungeon
  2863 | D:5      | Reached XP level 7. HP: 43/56 MP: 7/7
  3102 | D:5      | Reached skill level 6 in Axes
  3720 | Temple   | Entered the Ecumenical Temple
  4426 | D:6      | Reached skill level 7 in Axes
  4426 | D:6      | Reached XP level 8. HP: 18/64 MP: 8/8
  4852 | D:6      | Found a blossoming altar of Fedhas.
  4964 | D:6      | Reached skill level 8 in Axes
  4983 | D:6      | Reached skill level 1 in Dodging
  5165 | D:6      | Reached XP level 9. HP: 62/72 MP: 9/9
  5212 | D:6      | Found an opulent altar of Gozag.
  5230 | D:6      | Identified the +2 helmet of Wesaklim {Regen+}
  5246 | D:6      | HP: 2/59 [wight/+1 trident of freezing (11)]
  5246 | D:6      | Slain by a wight

Illustrated notes

Levels and vault maps discovered:
D:1:      psy_arrival_radial01, layout_basic, serial_forest,
          infiniplex_forest_clump_long, infiniplex_forest_clump_tiny,
          infiniplex_forest_join, infiniplex_forest_clump_medium,
          infiniplex_forest_clump_long, infiniplex_forest_straight_2,
          infiniplex_forest_corner_1, infiniplex_forest_clump_tiny,
          infiniplex_forest_lined_corner, minmay_pentomino_w4
D:2:      layout_basic, grunt_decor_one_mirror, minmay_snake_closets
D:3:      layout_rooms, kennysheep_cross_bottleneck, grunt_ministairs_11
D:4:      layout_gridville, minmay_temple_entry_from_below_a,
          hangedman_abyss_or_decor_lesser_grid, minivault_25,
          reono_crystal_passage, hangedman_abyss_or_decor_stabs,
          nicolae_take_the_stairs
D:5:      layout_loops_ring
D:6:      due_chaos_kobolds, layout_basic, mainiacjoe_overflow_chevrons,
          fedhas_bush_and_centaur_altar
Temple:   nicolae_temple_superstar

Skill      XL: |  1  2  3  4  5  6  7  8  9 |
---------------+----------------------------+-----
Axes           | 3 4 5 7 8 |  8.7
Fighting       | 4 5 6 7 |  7.0
Dodging        | 1 |  1.9
Armour         | 4 |  4.2
Shields        | |  4.0

Action                   |  1- 3 |  4- 6 |  7- 9 || total
-------------------------+-------+-------+-------++-------
Melee: War axe           |    74 |   174 |   169 ||   417
  Use: Scroll            |       |     9 |     7 ||    16
       Potion            |       |     1 |       ||     1
Armor: Scale mail        |    27 |    77 |       ||   104
       Chain mail        |       |       |    81 ||    81
Dodge: Dodged            |    47 |    66 |    86 ||   199
Block: Buckler           |    24 |    50 |    64 ||   138

Table legend: (Time is in decaauts)
 A = Elapsed time spent in this place.
 B = Non-inter-level travel time spent in this place.
 C = Inter-level travel time spent in this place.
 D = Time resting spent in this place.
 E = Time spent auto-exploring this place.
 F = Levels seen in this place.
 G = Mean time per level.
                   A        B        C        D        E       F      G
               +--------+--------+--------+--------+--------+-----+--------+
         Total |   5357 |   5095 |    262 |    904 |   2879 |   7 |  765.3 |
       Dungeon |   5253 |   5007 |    246 |    904 |   2806 |   6 |  875.5 |
        Temple |    104 |     88 |     16 |      0 |     73 |   1 |  104.0 |
               +--------+--------+--------+--------+--------+-----+--------+

Top non-repeatable levels by time:
     D:1: 930 daAuts
     D:5: 928 daAuts
     D:2: 923 daAuts
     D:3: 873 daAuts
     D:6: 855 daAuts
     D:4: 741 daAuts
  Temple: 104 daAuts
